 Dungeon Crawl Stone Soup version 0.21.1-1-g345015f (webtiles) character file.

314 letownia2 the Spear-Bearer (level 6, -5/44 HPs)
             Began as a Merfolk Skald on Mar 12, 2018.
             Was an Initiate of Cheibriados.
             Slain by a sky beast (6 damage)
             ... on level 5 of the Dungeon.
             The game lasted 00:13:30 (2176 turns).

letownia2 the Spear-Bearer (Merfolk Skald)          Turns: 2176, Time: 00:13:31

Health: -5/44      AC:  3    Str: 12    XL:     6   Next: 43%
Magic:  0/9        EV: 12    Int: 16    God:    Cheibriados [......]
Gold:   149        SH:  0    Dex: 14    Spells: 1/9 levels left

rFire    . . .     SeeInvis .   a - +0 spear (flame)
rCold    . . .     Gourm    .   (no shield)
rNeg     + . .     Faith    .   b - +0 leather armour
rPois    .         Spirit   +   (no helmet)
rElec    .         Reflect  .   (no cloak)
rCorr    .         Harm     .   (no gloves)
MR       .....                  (no boots)
Stlth    +.........             x - amulet of guardian spirit
HPRegen  0.14/turn              o - ring of positive energy
MPRegen  0.11/turn              (no ring)

@: very slightly contaminated, drained, very slow
A: change form in water, swift swim, stealthy swim
a: Bend Time, Renounce Religion


You were on level 5 of the Dungeon.
You worshipped Cheibriados.
Cheibriados was noncommittal.
You were very hungry.

You visited 2 branches of the dungeon, and saw 7 of its levels.
You also visited: Sewer.

You collected 209 gold pieces.
You spent 60 gold pieces at shops.

Inventory:

Hand Weapons
 a - a +0 spear of flaming (weapon)
 n - a +2 dagger of flaming
 B - a -2 hand axe
 C - a +0 blowgun
Armour
 b - a +0 leather armour (worn)
 m - a +1 ring mail
 y - a +0 ring mail
Jewellery
 k - an uncursed ring of fire
 o - a ring of positive energy (left hand)
 v - an uncursed amulet of harm
 x - an amulet of guardian spirit (around neck)
Scrolls
 e - a scroll of remove curse
 f - a scroll of noise {unknown}
 h - a scroll of fog {unknown}
 i - 2 scrolls of blinking {unknown}
 l - a scroll of random uselessness {unknown}
 q - 2 scrolls of teleportation {unknown}
Potions
 j - a potion of resistance {unknown}
 p - a potion of magic
 r - 2 potions of degeneration {unknown}
 s - a potion of invisibility
 t - a potion of might
 u - 2 potions of haste
 w - a potion of mutation
 z - a potion of heal wounds
 A - a potion of brilliance
Books
 c - a book of Battle

   Spells                             Type                      Level
   a - Infusion                       Charms                       1
   b - Shroud of Golubria             Charms/Translocation         2
   c - Song of Slaying                Charms                       2
   d - Spectral Weapon                Hexes/Charms                 3
   e - Regeneration                   Charms/Necromancy            3
Comestibles
 d - 6 rations


   Skills:
 - Level 2.1(1.9) Fighting
 + Level 8.1(7.9) Polearms
 - Level 0.6(0.3) Armour
 - Level 2.6(2.4) Dodging
 - Level 2.0(1.7) Spellcasting
 - Level 1.5(1.3) Hexes
 - Level 4.1(3.8) Charms
 - Level 1.1(0.9) Translocations


You had one spell level left.
You knew the following spells:

 Your Spells              Type           Power        Failure   Level  Hunger
a - Infusion              Chrm           ##..         5%          1    ##.....
l - Song of Slaying       Chrm           ##......     9%          2    ###....
t - Shroud of Golubria    Chrm/Tloc      #.........   16%         2    ###....
x - Spectral Weapon       Hex/Chrm       #.......     28%         3    ####...


Dungeon Overview and Level Annotations

Branches:
Dungeon (6/15)             Temple (1/1) D:5

Altars:
Cheibriados
Dithmenos
Elyvilon
Fedhas
Hepliaklqana
Qazlal
Ru
Wu Jian
Xom
Yredelemnul
Zin
The Shining One

Shops:
D:6 *

Annotations:
D:3 1 runed door
D:4 Blork the orc


Message History

Your shroud bends something's attack away.
Unknown command.
You miss something.
Your shroud bends something's attack away.
You closely miss something. You hit something. You burn something.
Something hits you. Something shocks you.
Your shroud falls apart!
You miss something. Something hits you. Something shocks you.
* * * LOW HITPOINT WARNING * * *
You barely miss something. You barely miss something. Something hits you.
* * * LOW HITPOINT WARNING * * *
Something shocks you.
* * * LOW HITPOINT WARNING * * *
Unknown command.
You barely miss something. Something hits you.
* * * LOW HITPOINT WARNING * * *
Something shocks you.
You die...

..⌠...###.###......
⌠....###..# #......
....+# #..# ......
...# ##.## #.####
+## #...###..#####
###..........##
##......##..##
####........# #
###@###..# . #{# .
#.. # ##.# .# .. ..
...


There were no monsters in sight!

Vanquished Creatures
  A bullfrog (D:6)
  A crimson imp (D:4)
  A bullfrog zombie (D:5)
  2 orc wizards
  A human skeleton (D:3)
  3 adders
  4 leopard geckos
  9 orcs
  7 giant cockroaches
  9 goblins
  3 hobgoblins
  6 jackals
  8 kobolds
  3 quokkas
  3 ball pythons (Sewer)
  3 bats
  2 frilled lizards
  5 rats
71 creatures vanquished.

Vanquished Creatures (others)
  A spectral weapon (D:6)
1 creature vanquished.

Grand Total: 72 creatures vanquished

Notes
Turn   | Place    | Note
-------+----------+-------------------------------------------
     0 | D:1      | letownia2 the Merfolk Skald began the quest for the Orb.
     0 | D:1      | Reached XP level 1. HP: 16/16 MP: 3/3
    50 | D:1      | Reached skill level 4 in Polearms
    50 | D:1      | Reached XP level 2. HP: 15/22 MP: 1/5
    92 | D:1      | Learned a level 2 spell: Shroud of Golubria
   319 | D:2      | Reached skill level 1 in Translocations
   328 | D:2      | Found a blossoming altar of Fedhas.
   371 | D:2      | Reached XP level 3. HP: 24/27 MP: 6/6
   376 | D:2      | Learned a level 3 spell: Spectral Weapon
   728 | D:3      | Reached skill level 5 in Polearms
   728 | D:3      | Reached skill level 1 in Hexes
   728 | D:3      | Reached XP level 4. HP: 14/33 MP: 0/7
   739 | D:3      | Found a runed door.
   739 | D:3      | Noticed a human
   741 | D:3      | Found a basalt altar of Yredelemnul.
   802 | D:4      | Noticed Blork the orc
  1098 | D:4      | Reached XP level 5. HP: 5/38 MP: 3/8
  1252 | D:5      | Entered Level 5 of the Dungeon
  1319 | D:4      | Found a shadowy altar of Dithmenos.
  1352 | D:4      | Reached skill level 6 in Polearms
  1687 | D:5      | Found a glowing drain.
  1714 | D:5      | Learned a level 2 spell: Song of Slaying
  1728 | Sewer    | Entered a sewer
  1880 | D:5      | Reached skill level 7 in Polearms
  1921 | D:5      | Found a staircase to the Ecumenical Temple.
  1942 | D:5      | Reached XP level 6. HP: 43/44 MP: 2/9
  1963 | Temple   | Entered the Ecumenical Temple
  1985 | Temple   | Became a worshipper of Cheibriados the Contemplative
  2070 | D:6      | Found Nikky Ymy's Assorted Antiques.
  2082 | D:6      | Bought a scroll labeled VOTEGE ROULEJA for 30 gold pieces
  2082 | D:6      | Bought a scroll labeled UWNE LARROATU for 30 gold pieces
  2121 | D:6      | Reached skill level 8 in Polearms
  2122 | D:6      | Noticed a two-headed ogre
  2165 | D:5      | Noticed a sky beast
  2176 | D:5      | HP: 1/44 [something (3)]
  2176 | D:5      | Slain by a sky beast

Skill      XL: |  1  2  3  4  5  6 |
---------------+-------------------+-----
Polearms       | 4 5 7 8 |  8.1
Translocations | 1 |  1.1
Hexes          | 1 |  1.5
Charms         | 4 |  4.1
Fighting       | |  2.1
Armour         | |  0.6
Dodging        | |  2.6
Spellcasting   | |  2.0

Action                   |  1- 3 |  4- 6 || total
-------------------------+-------+-------++-------
Melee: Spear             |   130 |   263 ||   393
       Tailslap          |     1 |     2 ||     3
 Cast: Infusion          |     4 |     6 ||    10
       Shroud of Golubri |     7 |    25 ||    32
       Spectral Weapon   |       |     3 ||     3
       Song of Slaying   |       |     1 ||     1
  Use: Scroll            |       |     9 ||     9
       Potion            |       |     1 ||     1
 Stab: Sleeping          |     1 |     1 ||     2
  Eat: Chunk             |       |     8 ||     8
Armor: Leather armour    |    25 |    36 ||    61
Dodge: Dodged            |    70 |   106 ||   176
